 Dungeon Crawl Stone Soup version 0.28.0-43-g3370ac3207 (webtiles) character file.

Game seed: 7738975667819057923

3406 Pemander the Covert (level 9, -2/40 HPs)
             Began as a Felid Enchanter on Mar 17, 2022.
             Was a Believer of Dithmenos.
             Killed by drain life
             ... invoked by a soul eater
             ... summoned by a kobold demonologist
              (19 damage)
             ... on level 9 of the Dungeon.
             The game lasted 00:23:59 (13748 turns).

Pemander the Covert (Felid Enchanter)              Turns: 13748, Time: 00:24:00

Health: -2/40      AC:  2    Str: 10    XL:     9   Next: 75%
Magic:  12/14      EV: 28    Int: 16    God:    Dithmenos [**....]
Gold:   377        SH:  0    Dex: 21    Spells: 4/14 levels left
                                        Lives:  0   Deaths: 2

rFire   . . .      SeeInvis +     - Unarmed
rCold   . . .      Faith    .   (shield unavailable)
rNeg    . . .      Spirit   .   (armour unavailable)
rPois   .          Reflect  .   (helmet unavailable)
rElec   .          Harm     .   (cloak unavailable)
rCorr   .          Rampage  .   (gloves unavailable)
Will    ++...                   (boots unavailable)
Stlth   +++++++...              (no amulet)
HPRegen 0.13/turn               h - +6 ring of strength
MPRegen 0.14/turn               (no ring)

@: wreathed by umbra, quick
A: very small, claws 1, fangs 3, see invisible, speed 1, shaggy fur 2, stealthy
paws, no weapons or thrown items, no armour, multi-lived, horns 1, strong-willed
1
a: Renounce Religion, Shadow Step


You were on level 9 of the Dungeon.
You worshipped Dithmenos.
Dithmenos was pleased with you.
You visited 2 branches of the dungeon, and saw 10 of its levels.
You also visited: Bailey.

You collected 377 gold pieces.

Inventory:

Jewellery
 h - a +6 ring of strength (left paw)
 s - an amulet of reflection
Wands
 o - a wand of acid (9)
 q - a wand of flame (10)
 r - a wand of iceblast (5)
 t - a wand of mindburst (16)
Scrolls
 a - a scroll of silence {unknown}
 f - a scroll of magic mapping {unknown}
 g - 2 scrolls of enchant armour {unknown}
 j - 2 scrolls of blinking {unknown}
 k - 3 scrolls of teleportation {unknown}
 m - a scroll of amnesia {unknown}
 p - a scroll of summoning
Potions
 b - 3 potions of resistance
 c - a potion of heal wounds
 d - 2 potions of haste
 e - 2 potions of brilliance
 i - a potion of invisibility
 l - 2 potions of flight
 n - 2 potions of magic
 u - a potion of curing


   Skills:
 - Level 5.0 Fighting
 - Level 12.0 Dodging
 - Level 12.0 Stealth
 - Level 6.0 Unarmed Combat
 + Level 3.1 Spellcasting
 - Level 6.0 Hexes
 - Level 0.4 Ice Magic


You had 4 spell levels left.
You knew the following spells:

 Your Spells              Type           Power      Damage    Failure   Level
a - Ensorcelled Hibernat  Hex/Ice        24%        N/A       8%          2
b - Confusing Touch       Hex            21%        N/A       4%          3
c - Tukima's Dance        Hex            21%        N/A       4%          3
d - Blink                 Tloc           4%         N/A       28%         2

Your spell library contained the following spells:

 Spells                   Type           Power      Damage    Failure   Level
 Dazzling Flash           Conj/Hex       24%        N/A       16%         3
 Inner Flame              Hex/Fire       12%        N/A       16%         3
 Foxfire                  Conj/Fire      8%         2x1d4     19%         1
 Conjure Flame            Conj/Fire      2%         6-21      50%         3
 Gell's Gravitas          Tloc           2%         N/A       50%         3
 Lesser Beckoning         Tloc           2%         N/A       50%         3
 Teleport Other           Tloc           2%         N/A       50%         3
 Flame Wave               Conj/Fire      2%         2d4       88%         4
 Passage of Golubria      Tloc           2%         N/A       88%         4
 Yara's Violent Unravell  Hex/Tmut       6%         3d5       83%         5
 Manifold Assault         Tloc           2%         N/A       99%         5
 Dispersal                Tloc           1%         N/A       100%        6


Dungeon Overview and Level Annotations

Branches:
Dungeon (9/15)             Temple (1/1) D:5          Bailey (visited)
   Lair: D:8-11         Orc: D:9-12

Altars:
Ashenzari
Dithmenos
Elyvilon
Fedhas
Gozag
Kikubaaqudgha
Makhleb
Nemelex Xobeh
Okawaru
Qazlal
Ru
Sif Muna
Trog
Uskayaw
Wu Jian
Xom
Yredelemnul
Zin
Lugonu


Innate Abilities, Weirdness & Mutations

You have sharp claws.
You have razor-sharp teeth.
You have supernaturally acute eyesight. (SInv)
You cover ground quickly. (Speed+)
You are covered in thick fur. (AC +2)
Your paws help you pounce on unaware monsters.
You are incapable of wielding weapons or throwing items.
You cannot wear armour.
You gain extra lives every three experience levels.
You have a pair of small horns on your head.
You are strong-willed. (Will+)


Message History

The kobold demonologist shouts!
The kobold demonologist closely misses you.
You closely miss the kobold demonologist.
Your claw misses the kobold demonologist.
The kobold demonologist hits you with a +0 dagger.
Casting: Confusing Touch (dangerous; 4% risk of failure)
Confirm with . or Enter, or press ? or * to list all spells.
Aiming: Ensorcelled Hibernation (safe; 8% risk of failure)
Press: ? - help, Shift-Dir - straight line, f - kobold demonologist
Aim: a kobold demonologist, wielding a +0 dagger and wearing a +0 robe (umbra, chance to affect: 28%)
Okay, then.
Casting: Ensorcelled Hibernation (safe; 8% risk of failure)
Confirm with . or Enter, or press ? or * to list all spells.
Your paws begin to glow red.
The kobold demonologist gestures wildly while chanting.
You scratch the kobold demonologist but do no damage.
The kobold demonologist misses you.
You barely miss the kobold demonologist.
The soul eater draws from the surrounding life force!
The kobold demonologist closely misses you.
You barely miss the kobold demonologist.
You headbutt the kobold demonologist.
The kobold demonologist is lightly wounded.
The kobold demonologist hits you with a +0 dagger.
You scratch the kobold demonologist but do no damage.
The kobold demonologist appears confused.
The kobold demonologist is lightly wounded.
You claw the kobold demonologist!
Your headbutt misses the kobold demonologist.
The kobold demonologist is moderately wounded.
You completely miss the kobold demonologist.
You headbutt the kobold demonologist.
The kobold demonologist is moderately wounded.
The kobold demonologist barely misses the soul eater.
The soul eater barely misses you.
You scratch the kobold demonologist but do no damage.
The kobold demonologist is moderately wounded.
The kobold demonologist hits you with a +0 dagger.
The soul eater draws from the surrounding life force!
You die...

### #.#
#########.#
######.........#
#....#.#######.#
#<##.#.# ###.####
...#.#.# #.#..@K#
...#...# #.####3#
...#########.# .#
......)......# .#
..).^......#.# .#
...#######.#.# .#
...# #.#.# .#
...# #.#.# .#
..########'#'####


You could see a soul eater (summoned) and a kobold demonologist (confused).

Vanquished Creatures
  A gargoyle (Bailey)
  A hornet (D:8)
  2 vampires (Bailey)
  A steam dragon (D:8)
  A water moccasin (D:8)
  3 orc warriors
  3 black bears
  3 sky beasts
  A centaur (D:6)
  2 ogres
  3 kobold brigands
  4 bullfrogs
  7 scorpions
  8 wights
  6 vampire bats (Bailey)
  6 wolf zombies (Bailey)
  A howler monkey (D:4)
  A centaur zombie (D:4)
  2 jellies
  A centaur skeleton (D:5)
  7 orc priests
  2 hounds
  A bullfrog skeleton (D:5)
  An iguana (D:5)
  Terence (D:2)
  8 orc wizards
  Robin (D:3)
  2 adders
  3 ufetubi
  2 worms
  A dart slug (D:3)
  36 orcs
  3 endoplasms
  5 giant cockroaches
  17 goblins
  8 hobgoblins
  8 jackals
  5 quokkas
  4 ball pythons
  4 bats
  3 frilled lizards
  17 kobolds
  18 orc zombies (Bailey)
  4 rats
218 creatures vanquished.

Vanquished Creatures (collateral kills)
  2 kobolds (D:6)
2 creatures vanquished.

Vanquished Creatures (others)
  A dancing weapon (D:5)
  7 plants (D:5)
8 creatures vanquished.

Grand Total: 228 creatures vanquished

Notes
Turn   | Place    | Note
-------+----------+-------------------------------------------
     0 | D:1      | Pemander the Felid Enchanter began the quest for the Orb.
     0 | D:1      | Reached XP level 1. HP: 7/7 MP: 4/4
   383 | D:1      | You fall into a shaft and drop 1 floor!
   408 | D:2      | Reached skill level 5 in Hexes
   567 | D:2      | Reached XP level 2. HP: 11/11 MP: 6/6
   573 | D:1      | Learned a level 2 spell: Ensorcelled Hibernation
  1748 | D:2      | Reached XP level 3. HP: 14/14 MP: 4/7
  1969 | D:2      | Noticed Terence
  1977 | D:2      | Killed Terence
  2143 | D:2      | Found a faded altar of an unknown god.
  3024 | D:3      | Reached XP level 4. HP: 18/18 MP: 3/8
  3335 | D:3      | Noticed Robin
  3856 | D:3      | Killed Robin
  3857 | D:3      | Reached skill level 5 in Stealth
  4599 | D:3      | Found a burning altar of Makhleb.
  4964 | D:3      | Reached XP level 5. HP: 17/21 MP: 4/9
  5145 | D:4      | Found a shimmering altar of Xom.
  5187 | D:3      | Reached skill level 5 in Dodging
  5317 | D:3      | Learned a level 3 spell: Confusing Touch
  5434 | D:4      | Gained mutation: You are covered in thick fur. (AC +2)
                  | [Felid growth]
  5434 | D:4      | Reached XP level 6. HP: 6/24 MP: 6/10
  6155 | D:4      | Found a sparkling altar of Nemelex Xobeh.
  6680 | D:5      | Entered Level 5 of the Dungeon
  6779 | D:5      | Learned a level 3 spell: Tukima's Dance
  6935 | D:5      | Found a staircase to the Ecumenical Temple.
  6974 | Temple   | Entered the Ecumenical Temple
  7051 | D:5      | Reached XP level 7. HP: 20/27 MP: 8/11
  7248 | D:5      | Reached skill level 5 in Unarmed Combat
  7279 | D:5      | Reached skill level 1 in Fighting
  7695 | D:5      | Found an iron altar of Okawaru.
  8004 | D:6      | Reached XP level 8. HP: 36/36 MP: 6/12
  8436 | D:6      | Found a basalt altar of Yredelemnul.
  8824 | D:5      | Reached skill level 10 in Stealth
 10187 | D:7      | Found an ancient bone altar of Kikubaaqudgha.
 10202 | D:7      | HP: 1/36 [shadow (12)]
 10306 | D:6      | Gained mutation: You have a pair of small horns on your
                  | head. [potion of mutation]
 10306 | D:6      | Gained mutation: You are strong-willed. (Will+) [potion of
                  | mutation]
 10311 | D:6      | Slain by a shadow
 10312 | D:6      | Reached XP level 7. HP: -1/31 MP: 11/11
 10362 | D:7      | Slain by an orc
 10363 | D:7      | Reached XP level 6. HP: 0/28 MP: 6/10
 10400 | D:7      | Reached XP level 7. HP: 32/32 MP: 11/11
 10669 | D:7      | Found a glowing silver altar of Zin.
 10800 | D:7      | Found a sacrificial altar of Ru.
 11046 | D:8      | Reached skill level 5 in Fighting
 11087 | D:8      | Noticed a hornet
 11092 | D:7      | Reached XP level 8. HP: 37/37 MP: 9/12
 11194 | D:8      | Paralysed by a hornet for 3 turns
 11198 | D:8      | Killed a hornet
 11550 | D:8      | Found a shadowy altar of Dithmenos.
 11558 | D:8      | Became a worshipper of Dithmenos the Shadowed
 11635 | D:8      | Found a flagged portal.
 11640 | Bailey   | Entered a bailey
 12225 | Bailey   | Reached XP level 9. HP: 40/40 MP: 13/13
 12228 | Bailey   | Noticed a gargoyle
 12241 | Bailey   | Killed a gargoyle
 12242 | Bailey   | Reached skill level 10 in Dodging
 12265 | Bailey   | Reached * piety under Dithmenos
 12286 | Bailey   | Learned a level 2 spell: Blink
 12798 | D:8      | Found a broken altar of Ashenzari.
 12953 | D:8      | Found a shimmering blue altar of Sif Muna.
 13136 | D:8      | HP: 1/40 [orc/+0 mace (7)]
 13690 | D:9      | Reached ** piety under Dithmenos
 13737 | D:9      | Noticed a kobold demonologist
 13742 | D:9      | Noticed a soul eater
 13748 | D:9      | Killed from afar by a soul eater

Illustrated notes

Levels and vault maps discovered:
D:1:      lemuel_arrival_behind_the_door_large, layout_basic
D:2:      layout_basic, hellmonk_ecumenical_altar_inner_sanctum,
          kennysheep_another_room, grunt_ministairs_9, minivault_27,
          lemuel_another_geyser, uniq_terence
D:3:      kennysheep_the_goblin_king, layout_basic, lightli_temple_of_fire,
          uniq_robin
D:4:      layout_basic, nemelex_xobeh_ov_fountains_minmay, xom_teletrap_fun
D:5:      layout_loops_ring, general_overflow_altar,
          minmay_temple_entry_enclosed_plants
D:6:      layout_basic, mainiacjoe_overflow_catwalk, gup_sewer_entry_pipe
D:7:      layout_rooms, nicolae_ru_the_path_less_chosen,
          mainiacjoe_overflow_surrounded_room, old_standard_altar
D:8:      layout_rooms, lemuel_blue_sif_altar, ashenzari_altar_1,
          kennysheep_mini_moat, enter_bailey_4, kennysheep_generic_room_3
D:9:      layout_basic, mainiacjoe_overflow_concentric_impassable,
          gammafunk_temple_overflow_pools
Temple:   corrupted_temple

Skill      XL: |  1  2  3  4  5  6  7  8  9 |
---------------+----------------------------+-----
Hexes          | 5 6 |  6.0
Dodging        | 3 4 5 9 12 | 12.0
Stealth        | 5 6 8 12 | 12.0
Unarmed Combat | 2 4 6 |  6.0
Fighting       | 5 |  5.0
Spellcasting   | 3 |  3.1
Ice Magic      | |  0.4

Action                   |  1- 3 |  4- 6 |  7- 9 || total
-------------------------+-------+-------+-------++-------
Melee: Unarmed           |    68 |   122 |   347 ||   537
       Bite              |     6 |    12 |    36 ||    54
       Punch             |       |     1 |    13 ||    14
       Headbutt          |       |       |    42 ||    42
 Cast: Ensorcelled Hiber |    24 |    47 |    51 ||   122
       Confusing Touch   |       |     2 |    18 ||    20
       Tukima's Dance    |       |     2 |     3 ||     5
  Use: Scroll            |       |     3 |     5 ||     8
       Potion            |       |       |    10 ||    10
 Stab: Sleeping          |    16 |    25 |    64 ||   105
       Confused          |       |     2 |    11 ||    13
       Distracted        |       |       |     1 ||     1
Armor: Skin              |     3 |     6 |    38 ||    47
Dodge: Dodged            |    48 |   129 |   413 ||   590
